 Dungeon Crawl Stone Soup version 0.22.1-1-ga44c0e5 (webtiles) character file.

45081 wilfster70 the Impaler (level 14, 0/118 HPs)
             Began as a Merfolk Gladiator on Oct 12, 2018.
             Was the Champion of Okawaru.
             Slain by a spiny frog (10 damage)
             ... on level 5 of the Lair of Beasts.
             The game lasted 01:18:55 (20415 turns).

wilfster70 the Impaler (Merfolk Gladiator)         Turns: 20415, Time: 01:18:56

Health: 0/118      AC: 41    Str: 13 (14) XL:     14   Next: 31%
Magic:  18/18      EV: 11    Int: 10      God:    Okawaru [******]
Gold:   1132       SH:  0    Dex: 14 (18) Spells: 14/19 levels left

rFire    + + +     SeeInvis .   a - +0 halberd
rCold    + + .     Gourm    .   (shield currently unavailable)
rNeg     . . .     Faith    .   r - +16 plate armour of Modesty {rF+ rC++ Str-3}
rPois    +         Spirit   .   E - +2 hat
rElec    .         Reflect  .   v - +2 cloak {rF+}
rCorr    +         Harm     .   (no gloves)
MR       +....                  A - +2 pair of boots of Oniutt {+Fly rCorr Dex+3}
Stlth    ..........             (no amulet)
HPRegen  0.29/turn              B - ring of protection from fire
MPRegen  0.16/turn              J - ring of poison resistance

@: heroism
A: change form in water, swift swim, stealthy swim, clever 1, deterioration 1,
screaming 1, weak 1
a: Heroism, Finesse, Renounce Religion, Evoke Flight


You were on level 5 of the Lair of Beasts.
You worshipped Okawaru.
Okawaru was exalted by your worship.
You were not hungry.

You visited 3 branches of the dungeon, and saw 18 of its levels.
You also visited: Volcano.

You collected 1132 gold pieces.

Inventory:

Hand Weapons
 a - a +0 halberd (weapon)
 b - a +0 flail of flaming
 M - a +0 scimitar of flaming
Missiles
 d - 7 throwing nets
 j - 138 sling bullets
 k - 524 stones (quivered)
 o - 383 arrows
Armour
 r - the +16 plate armour of Modesty (worn) {rF+ rC++ Str-3}
   (You found it on level 4 of the Dungeon)

   It affects your strength (-3).
   It protects you from fire.
   It greatly protects you from cold.
 v - a +2 cloak of fire resistance (worn)
 A - the +2 pair of boots of Oniutt (worn) {+Fly rCorr Dex+3}
   (You found it in a volcano)

   It affects your dexterity (+3).
   It lets you fly.
   It provides partial protection from all sources of acid and corrosion.
 E - a +2 hat (worn)
Jewellery
 w - an uncursed ring of protection from cold
 B - a ring of protection from fire (left hand)
 G - an uncursed ring of resist corrosion
 H - a +2 ring of evasion
 J - a ring of poison resistance (right hand)
Wands
 s - a wand of flame (37)
 u - a wand of random effects (60)
 F - a wand of acid (11)
 K - a wand of disintegration (27)
Scrolls
 c - a scroll of amnesia
 e - 8 scrolls of identify
 h - 2 scrolls of magic mapping
 l - 6 scrolls of remove curse
 m - 2 scrolls of teleportation
 y - 6 scrolls of fear
 z - 3 scrolls of enchant weapon
Potions
 g - 7 potions of resistance
 i - 5 potions of haste
 n - 3 potions of brilliance
 p - a potion of magic
 q - 2 potions of mutation
 t - 2 potions of heal wounds
 x - 3 potions of curing
 C - 2 potions of cancellation
 D - 4 potions of lignification
 I - a potion of ambrosia
 L - 2 potions of might
Comestibles
 f - 34 rations
 N - a chunk of flesh


   Skills:
 + Level 13.2(18.2) Fighting
 - Level 16.0(21.0) Polearms
 - Level 2.2(7.2) Throwing
 * Level 8.3(13.3) Armour
 - Level 13.0(18.0) Dodging
 - Level 3.2 Spellcasting
 - Level 2.9 Necromancy
 - Level 3.0 Earth Magic
 - Level 6.0 Invocations
 + Level 6.4 Evocations


You had 14 spell levels left.
You knew the following spells:

 Your Spells              Type           Power        Failure   Level  Hunger
a - Borgnjor's Vile Clut  Necr/Erth      #.........   100%        5    ######.

Your spell library contained the following spells:

 Spells                   Type           Power        Failure   Level  Hunger
 Corona                   Hex            #......      100%        1    #......
 Magic Dart               Conj           #...         100%        1    #......
 Sting                    Conj/Pois      #...         100%        1    #......
 Blink                    Tloc           N/A          100%        2    ###....
 Call Imp                 Summ           #.......     100%        2    ###....
 Ensorcelled Hibernation  Hex/Ice        #.....       100%        2    ###....
 Poisonous Vapours        Pois/Air       #.....       100%        2    ###....
 Slow                     Hex            #.......     100%        2    ###....
 Confuse                  Hex            #.......     100%        3    ###....
 Conjure Flame            Conj/Fire      #.......     100%        3    ###....
 Dazzling Spray           Conj/Hex       #.....       100%        3    ###....
 Mephitic Cloud           Conj/Pois/Air  #.......     100%        3    ###....
 Tukima's Dance           Hex            #.......     100%        3    ###....
 Olgreb's Toxic Radiance  Pois           #.......     100%        4    #####..
 Silence                  Hex/Air        #.........   100%        5    ######.
 Venom Bolt               Conj/Pois      #.........   100%        5    ######.
 Darkness                 Hex            #.........   100%        6    #######
 Shadow Creatures         Summ           N/A          100%        6    #######


Dungeon Overview and Level Annotations

Branches:
Dungeon (11/15)            Temple (1/1) D:4            Lair (6/6) D:9
 Shoals (0/4) Lair:3        Snake (0/4) Lair:3          Orc (0/2) D:11
  Slime: Lair:5-6

Altars:
Ashenzari
Cheibriados
Dithmenos
Elyvilon
Fedhas
Gozag
Hepliaklqana
Kikubaaqudgha
Makhleb
Nemelex Xobeh
Okawaru
Qazlal
Ru
Sif Muna
Trog
Uskayaw
Vehumet
Wu Jian
Xom
Yredelemnul
Zin
The Shining One

Shops:
D:11 %

Annotations:
D:3 2 transporters, Kay's ghost, amateur DsAK
D:5 3 runed doors, ThisFiasco's ghost, novice VSEn


Innate Abilities, Weirdness & Mutations

You revert to your normal form in water.
You are very nimble and swift while swimming.
You are very stealthy in the water. (Stealth+)
Your mind is acute. (Int +2)
Your body sometimes deteriorates upon taking damage.
You occasionally shout uncontrollably at your foes.
You are weak. (Str -2)


Message History

The spiny frog stings you but does no damage.
You hit the spiny frog.
The spiny frog is moderately wounded.
The spiny frog stings you but does no damage.
You slash the spiny frog!
The spiny frog is heavily wounded.
The spiny frog stings you but does no damage.
Your plate armour of Modesty prevents you from hitting the spiny frog.
The spiny frog is heavily wounded.
The spiny frog stings you but does no damage.
You slash the spiny frog!
The spiny frog is severely wounded.
You slash the spiny frog!
The spiny frog is almost dead.
The spiny frog stings you!
* * * LOW HITPOINT WARNING * * *
You hit the spiny frog but do no damage.
The spiny frog is almost dead.
The spiny frog stings you!
You die...

## ### ##### #.#####@#######
.#..## #.#.##F#...#.#
.....## ###...........## ###
......###........>.....#
##.#
.#......P..............#
###...
##.###.................###
#P.... ###
##..................###.....
#.#...............P.####...
##..................# ###.


You could see a spiny frog.

Vanquished Creatures
  Gastronok (D:8)
  Snorg (Lair:3)
  Harold (D:8)
  A hydra (Lair:6)
  A centaur warrior (D:10)
  4 two-headed ogres (Volcano)
  An alligator (Lair:5)
  An ogre mage (Volcano)
  Erica (D:9)
  12 death yaks
  A hell knight (Volcano)
  9 elephants
  A gargoyle (D:11)
  6 black mambas
  10 spiny frogs
  3 torpor snails (Lair:1)
  A komodo dragon (Lair:5)
  An efreet (D:10)
  2 rime drakes
  A tyrant leech (Lair:5)
  A troll (D:10)
  9 blink frogs
  10 hippogriffs
  A snapping turtle (Lair:3)
  A spriggan (D:7)
  A vampire (D:11)
  21 yaks
  A wraith (D:10)
  A wyvern (Lair:5)
  A shadow (D:10)
  2 basilisks (Lair:3)
  Grum (D:9)
  2 vampire mosquitoes (Lair:5)
  Menkaure (D:6)
  8 water moccasins
  3 porcupines
  15 orc warriors
  2 ice beasts (D:8)
  A black bear (D:8)
  2 phantoms
  2 sky beasts (D:8)
  3 ogres
  A necrophage (D:8)
  12 wolves
  4 centaurs
  10 crocodiles
  A big kobold (D:11)
  18 bullfrogs
  A wyvern zombie (D:6)
  A scorpion (D:9)
  7 killer bees (D:8)
  9 wights
  5 electric eels
  2 howler monkeys
  3 crimson imps
  2 centaur zombies
  2 quasits
  5 hounds
  7 orc wizards
  9 orc priests
  2 bullfrog skeletons
  A centaur skeleton (D:7)
  Terence (D:2)
  3 iguanas
  9 worker ants
  5 hell rats (Lair:3)
  A human simulacrum (D:10)
  A hound skeleton (D:11)
  A worker ant zombie (D:5)
  2 howler monkey zombies
  Robin (D:2)
  23 adders
  3 shadow imps
  An ooze (D:1)
  An adder zombie (D:4)
  3 adder skeletons
  2 worms
  3 dart slugs
  3 leopard geckos
  69 orcs
  9 bats
  7 giant cockroaches
  10 goblins
  6 hobgoblins
  3 jackals (D:4)
  2 quokkas
  2 ball pythons
  A ball python skeleton (D:5)
  4 frilled lizards
  13 kobolds
  2 leopard gecko skeletons
  2 quokka skeletons
  7 rats
450 creatures vanquished.

Vanquished Creatures (others)
  2 two-headed ogres (Volcano)
  A human simulacrum (D:10)
  A goblin (D:2)
  A bush (Lair:5)
  5 fungi
  20 plants
30 creatures vanquished.

Grand Total: 480 creatures vanquished

Notes
Turn   | Place    | Note
-------+----------+-------------------------------------------
     0 | D:1      | wilfster70 the Merfolk Gladiator began the quest for the
                  | Orb.
     0 | D:1      | Reached XP level 1. HP: 16/16 MP: 1/1
   149 | D:1      | Reached XP level 2. HP: 23/23 MP: 2/2
   492 | D:1      | Reached XP level 3. HP: 28/28 MP: 3/3
   994 | D:2      | Noticed Terence
  1007 | D:2      | Killed Terence
  1007 | D:2      | Reached skill level 5 in Polearms
  1007 | D:2      | Reached XP level 4. HP: 18/34 MP: 4/4
  1146 | D:2      | You fall through a shaft for 2 floors!
  1169 | D:4      | Reached skill level 1 in Armour
  1455 | D:4      | Reached skill level 5 in Dodging
  1520 | D:4      | Got a smoking plate armour
  1531 | D:4      | Identified the +16 plate armour of Modesty {rF+ rC++ Str-3}
                  | (You found it on level 4 of the Dungeon)
  1575 | D:4      | Reached XP level 5. HP: 41/41 MP: 5/5
  1662 | D:4      | You fall through a shaft for 3 floors!
  1662 | D:7      | Noticed a hippogriff
  1690 | D:7      | Killed a hippogriff
  1690 | D:7      | Reached skill level 6 in Polearms
  1690 | D:7      | Reached XP level 6. HP: 24/48 MP: 6/6
  1924 | D:7      | Reached XP level 7. HP: 48/55 MP: 7/7
  2038 | D:7      | Reached skill level 7 in Polearms
  2140 | D:7      | Gained mutation: Your natural rate of healing is unusually
                  | fast. [potion of mutation]
  2140 | D:7      | Gained mutation: You occasionally shout uncontrollably at
                  | your foes. [potion of mutation]
  2140 | D:7      | Gained mutation: You possess an exceptional clarity of
                  | mind. [potion of mutation]
  2292 | D:5      | Entered Level 5 of the Dungeon
  2542 | D:2      | Noticed Robin
  2559 | D:2      | Killed Robin
  2579 | D:2      | Found a burning altar of Makhleb.
  2891 | D:2      | Reached skill level 8 in Polearms
  3165 | D:3      | Noticed Kay's ghost (amateur DsAK)
  3166 | D:3      | Found a transporter.
  3254 | D:3      | Found a transporter.
  3473 | D:3      | Reached skill level 5 in Fighting
  3473 | D:3      | Reached XP level 8. HP: 62/62 MP: 8/8
  3826 | D:4      | Found a sparkling altar of Nemelex Xobeh.
  3885 | D:4      | Found a staircase to the Ecumenical Temple.
  3895 | Temple   | Entered the Ecumenical Temple
  4060 | Temple   | Became a worshipper of Warmaster Okawaru
  4382 | D:5      | Found a runed gate.
  4382 | D:5      | Found a runed gate.
  4382 | D:5      | Found a runed gate.
  4391 | D:5      | Noticed ThisFiasco's ghost (novice VSEn)
  4921 | D:6      | Found a shadowy altar of Dithmenos.
  4958 | D:6      | Reached skill level 9 in Polearms
  5328 | D:6      | Reached * piety under Okawaru
  5334 | D:6      | Reached skill level 10 in Polearms
  5506 | D:6      | Reached XP level 9. HP: 29/69 MP: 9/9
  6395 | D:7      | Noticed Menkaure
  6525 | D:6      | Killed Menkaure
  6942 | D:7      | Reached skill level 11 in Polearms
  7156 | D:8      | Reached skill level 1 in Invocations
  7289 | D:8      | Reached ** piety under Okawaru
  7472 | D:8      | Reached skill level 12 in Polearms
  7538 | D:8      | Noticed Harold
  7655 | D:8      | Reached XP level 10. HP: 47/79 MP: 12/12
  7667 | D:8      | Killed Harold
  7667 | D:8      | Reached *** piety under Okawaru
  8081 | D:8      | Noticed Gastronok
  8109 | D:9      | Reached skill level 13 in Polearms
  8274 | D:9      | Noticed Grum
  8321 | D:9      | Killed Grum
  8321 | D:9      | Reached skill level 10 in Dodging
  8342 | D:9      | Reached **** piety under Okawaru
  8412 | D:9      | Noticed a death yak
  8412 | D:9      | Noticed a death yak
  8413 | D:9      | Noticed a death yak
  8837 | D:8      | Reached skill level 14 in Polearms
  8837 | D:8      | Reached skill level 5 in Invocations
  8879 | D:8      | Killed Gastronok
  8879 | D:8      | Reached ***** piety under Okawaru
  8879 | D:8      | Reached XP level 11. HP: 29/89 MP: 11/15
  9191 | D:9      | Found a staircase to the Lair.
  9265 | D:9      | Noticed Erica
  9285 | D:9      | Killed Erica
  9528 | D:9      | Killed a death yak
  9543 | D:9      | Killed a death yak
  9543 | D:9      | Received a gift from Okawaru
  9561 | D:9      | Killed a death yak
  9561 | D:9      | Reached skill level 15 in Polearms
  9707 | D:10     | Entered Level 10 of the Dungeon
  9730 | D:10     | Reached skill level 10 in Fighting
  9783 | D:10     | Noticed a centaur warrior
  9812 | D:10     | Killed a centaur warrior
  9839 | D:10     | Reached XP level 12. HP: 96/97 MP: 16/16
  9906 | D:10     | Found a blossoming altar of Fedhas.
 10553 | D:10     | Learned a level 5 spell: Borgnjor's Vile Clutch
 11060 | D:11     | Reached skill level 16 in Polearms
 11175 | D:11     | Found a staircase to the Orcish Mines.
 11262 | D:11     | Found Otygocw's Food Shoppe.
 11761 | Lair:1   | Entered Level 1 of the Lair of Beasts
 11845 | Lair:1   | Reached skill level 1 in Spellcasting
 11845 | Lair:1   | Reached skill level 1 in Necromancy
 11845 | Lair:1   | Reached skill level 1 in Earth Magic
 12310 | Lair:1   | Received a gift from Okawaru
 12435 | Lair:1   | Found a snail-covered altar of Cheibriados.
 13700 | Lair:3   | Noticed Snorg
 13731 | Lair:3   | Killed Snorg
 13731 | Lair:3   | Reached skill level 1 in Evocations
 13731 | Lair:3   | Reached XP level 13. HP: 24/107 MP: 15/17
 14045 | Lair:3   | Found a staircase to the Snake Pit.
 14166 | Lair:3   | Reached skill level 5 in Armour
 14371 | Lair:3   | Found a staircase to the Shoals.
 14449 | Lair:3   | Lost mutation: You possess an exceptional clarity of mind.
                  | [potion of mutation]
 14449 | Lair:3   | Lost mutation: Your natural rate of healing is unusually
                  | fast. [potion of mutation]
 14449 | Lair:3   | Gained mutation: You are weak. (Str -2) [potion of
                  | mutation]
 14449 | Lair:3   | Gained mutation: Your body sometimes deteriorates upon
                  | taking damage. [potion of mutation]
 14449 | Lair:3   | Gained mutation: Your mind is acute. (Int +2) [potion of
                  | mutation]
 15002 | Lair:4   | Found a dark tunnel.
 15007 | Volcano  | Entered a volcano
 15038 | Volcano  | Found a burning altar of Makhleb.
 15475 | Volcano  | Reached ****** piety under Okawaru
 15475 | Volcano  | Received a gift from Okawaru
 15479 | Volcano  | Got a translucent crystal plate armour {god gift}
 15490 | Volcano  | Identified the +12 crystal plate armour of Rynaelinn
                  | {Dex+5} (Okawaru gifted it to you in a volcano)
 15541 | Volcano  | Got a pair of dazzling boots
 15552 | Volcano  | Identified the +2 pair of boots of Oniutt {+Fly rCorr
                  | Dex+3} (You found it in a volcano)
 16881 | Lair:5   | Reached skill level 5 in Evocations
 17924 | Lair:5   | Reached XP level 14. HP: 113/116 MP: 18/18
 18286 | Lair:6   | Entered Level 6 of the Lair of Beasts
 20415 | Lair:5   | Slain by a spiny frog

Skill      XL: |  1  2  3  4  5  6  7  8  9 10 11 12 13 14 |
---------------+-------------------------------------------+-----
Polearms       | 5 6 8 10 12 14 15 16 | 16.0
Fighting       | 3 4 5 6 7 9 10 11 12 13 | 13.2
Armour         | 1 2 3 4 7 8 |  8.3
Dodging        | 5 6 8 9 11 12 13 | 13.0
Invocations    | 2 5 6 |  6.0
Spellcasting   | 3 |  3.2
Necromancy     | 2 |  2.9
Earth Magic    | 3 |  3.0
Evocations     | 1 5 6 |  6.4
Throwing       | |  2.2

Action                   |  1- 3 |  4- 6 |  7- 9 | 10-12 | 13-15 || total
-------------------------+-------+-------+-------+-------+-------++-------
Melee: Trident           |    74 |   111 |   641 |       |       ||   826
       Halberd           |       |       |   107 |  1063 |   813 ||  1983
       Flail             |       |       |       |       |     7 ||     7
       Scimitar          |       |       |       |       |    14 ||    14
Throw: Throwing net      |       |       |       |       |     1 ||     1
       Stone             |       |       |       |       |     3 ||     3
Invok: Heroism           |       |       |       |     7 |     5 ||    12
  Use: Potion            |       |     1 |     2 |     1 |     3 ||     7
       Scroll            |       |       |    18 |     5 |     8 ||    31
 Stab: Sleeping          |     2 |       |       |       |       ||     2
  Eat: Chunk             |       |     3 |    16 |    19 |    14 ||    52
       Ration            |       |       |     1 |     1 |     2 ||     4
Armor: Leather armour    |     6 |       |       |       |       ||     6
       Ring mail         |     8 |       |       |       |       ||     8
       Chain mail        |       |    31 |       |       |       ||    31
       Plate armour      |       |    93 |   546 |   746 |   681 ||  2066
       Skin              |       |       |    33 |     7 |       ||    40
Dodge: Dodged            |    43 |    58 |   209 |   485 |   370 ||  1165
       Rpst.: Scimitar   |       |       |       |       |     3 ||     3
